 Dungeon Crawl Stone Soup version 0.29.1-15-g9cfb28693d (webtiles) character file.

Game seed: 9535831635585404528

133 leafyfresh the Sneak (level 5, -3/37 HPs)
             Began as an Octopode Delver on Mar 10, 2023.
             Slain by an orc wizard
             ... wielding a +0 dagger
              (5 damage)
             ... on level 4 of the Dungeon.
             The game lasted 00:00:49 (820 turns).

leafyfresh the Sneak (Octopode Delver)               Turns: 820, Time: 00:00:50

Health: -3/37      AC:  1    Str: 12    XL:     5   Next: 16%
Magic:  5/5        EV: 14    Int: 14    God:
Gold:   104        SH:  0    Dex: 13    Spells: 4/4 levels left

rFire   . . .      SeeInvis .   a - +0 short sword
rCold   . . .      Faith    .   (no shield)
rNeg    . . .      Spirit   .   (helmet restricted)
rPois   .          Reflect  .   (no amulet)
rElec   .          Harm     .   (no ring)
rCorr   .          Rampage  .   (no ring)
Will    .....                   (no ring)
Stlth   +++.......              (no ring)
HPRegen 0.12/turn               (no ring)
MPRegen 0.09/turn               (no ring)
                                (no ring)
                                (no ring)

@: confused
A: almost no armour, amphibious, 8 rings, camouflage 1, gelatinous body 1,
(nimble swimmer 1), tentacles
a: no special abilities


You were on level 4 of the Dungeon.
You visited 1 branch of the dungeon, and saw 2 of its levels.

You collected 104 gold pieces.

Inventory:

Hand Weapons
 a - a +0 short sword (weapon)
Wands
 f - a wand of digging (3)
Scrolls
 b - a scroll of fog
 c - a scroll of magic mapping
 d - a scroll of fear
 i - a scroll of teleportation {unknown}
Potions
 e - a potion of haste
 g - a potion of resistance {unknown}
 h - a potion of heal wounds {unknown}


   Skills:
 + Level 4.0 Fighting
 - Level 2.0 Short Blades
 + Level 3.3 Dodging
 + Level 7.8 Stealth


You had 4 spell levels left.
You didn't know any spells.
Your spell library was empty.

Dungeon Overview and Level Annotations

Branches:
Dungeon (5/15)
 Temple: D:4-7

Altars:
Kikubaaqudgha


Innate Abilities, Weirdness & Mutations

You cannot wear most types of armour.
You are amphibious.
You can wear up to eight rings at the same time.
Your skin changes colour to match your surroundings (Stealth+).
Your rubbery body absorbs attacks. (AC +1, EV +1)
((You are camouflaged when in or above water. (Stealth+)))
You have tentacles for arms and can constrict up to eight enemies at once.


Message History

You kill the orc!
You hit the orc. Your grab misses the orc.
The orc is lightly wounded.
The orc barely misses you.
You hit the orc. Your grab misses the orc. You squeeze the orc.
You kill the orc!
There is a strange disturbance nearby!
No target in view!
There is a strange disturbance nearby!
No target in view!
There is a strange disturbance nearby!
Unknown command.
You closely miss something.
An orc comes into view. It is wielding a +0 flail.
You hear some strange, mumbled words.
A puff of flame appears from out of thin air!
The puff of flame hits you!
You miss something. Something hits you.
You completely miss something. Your squeeze misses something.
Something barely misses you.
You closely miss something. Your squeeze misses something. Something hits you.
You miss something. Your squeeze misses something. Something hits you.
You barely miss something. Something hits you.
You miss something. Something hits you.
* * * LOW HITPOINT WARNING * * *
You barely miss something. Your squeeze misses something.
You hear some strange, mumbled words.
You are confused.
You bump into the rock wall.
Something hits you.
* * * LOW HITPOINT WARNING * * *
You're too confused to move!
An orc comes into view. It is wielding a +0 trident.
You hear some strange, mumbled words.
A magic dart appears from out of thin air!
The magic dart hits you.
* * * LOW HITPOINT WARNING * * *
You bump into the rock wall.
Something completely misses you.
You bump into the rock wall.
Something barely misses you.
You're too confused to move!
Something hits you.
You die...

...## ### .... ...
### ... #.# #.. #.#
#.# #o# #.# #.# #o#
..#######.######{#
#.............##@#
..........###.##.###
.########..........#
.......###########.#
.#####.# .# .# # .#
.# .#


You could see 2 orcs.

Vanquished Creatures
  A scorpion (D:5)
  2 iguanas
  2 shadow imps (D:5)
  2 orcs (D:4)
  An endoplasm (D:4)
  A giant cockroach (D:4)
  A ball python (D:4)
10 creatures vanquished.

Notes
Turn   | Place    | Note
-------+----------+-------------------------------------------
     0 | D:5      | leafyfresh the Octopode Delver began the quest for the Orb.
     0 | D:5      | Reached XP level 1. HP: 16/16 MP: 1/1
    19 | D:5      | Reached XP level 2. HP: 16/21 MP: 2/2
   164 | D:5      | Reached skill level 7 in Stealth
   164 | D:5      | Reached XP level 3. HP: 26/26 MP: 3/3
   166 | D:5      | Noticed a scorpion
   169 | D:5      | Killed a scorpion
   170 | D:5      | Reached XP level 4. HP: 33/33 MP: 4/4
   521 | D:4      | Found an ancient bone altar of Kikubaaqudgha.
   632 | D:4      | Reached XP level 5. HP: 18/37 MP: 5/5
   817 | D:4      | HP: 1/37 [something/magic dart (4)]
   820 | D:4      | Slain by an orc wizard

Illustrated notes

Levels and vault maps discovered:
D:4:      layout_loops_ring, lemuel_crystal_altar,
          worldfamousw_hep_ancestral_shrine
D:5:      layout_loops_ring, ebering_ghost_reflecting_pool, minmay_ogre_servants

Skill      XL: |  1  2  3  4 |
---------------+-------------+-----
Stealth        | 7 |  7.8
Dodging        | 3 |  3.3
Fighting       | 4 |  4.0
Short Blades   | |  2.0

Action                   |  1- 3 |  4- 6 || total
-------------------------+-------+-------++-------
Melee: Short sword       |     7 |    29 ||    36
       Tentacles         |     3 |     6 ||     9
       Constrict         |     1 |     4 ||     5
  Use: Scroll            |     1 |     1 ||     2
 Stab: Sleeping          |     3 |       ||     3
Armor: Skin              |     1 |     1 ||     2
Dodge: Dodged            |     1 |    12 ||    13
